 Dungeon Crawl Stone Soup version 0.19.0-16-g73b5abf (webtiles) character file.

30 Chiseanne the Magician (level 3, 20/24 HPs)
             Began as a Demonspawn Wizard on Nov 10, 2016.
             Quit the game on level 2 of the Dungeon.
             The game lasted 00:01:49 (1960 turns).

Chiseanne the Magician (Demonspawn Wizard)          Turns: 1960, Time: 00:01:49

Health: 20/24      AC:  2    Str:  7    XL:     3   Next: 3%
Magic:  1/8        EV: 12    Int: 20    God:
Gold:   80         SH:  4    Dex: 11    Spells: 1 memorised, 8 levels left

rFire  . . .     SeeInvis .     s - +0 mace
rCold  . . .     Gourm    .     a - +0 robe
rNeg   . . .     Faith    .     (no shield)
rPois  .         Spirit   .     b - +0 hat
rElec  .         Reflect  .     (no cloak)
rCorr  .         Harm     .     (no gloves)
MR     .....                    (no boots)
Stlth  +.........               (no amulet)
                                (no ring)
                                (no ring)

@: no status effects
A: hooves 1, large bone plates 1
a: no special abilities


You were on level 2 of the Dungeon.
You were not hungry.

You visited 1 branch of the dungeon, and saw 2 of its levels.

You collected 80 gold pieces.

Inventory:

Hand Weapons
 h - a +0 vampiric short sword
 s - a +0 mace (weapon)
Missiles
 e - 29 sling bullets
 j - 47 arrows
 p - 41 stones (quivered)
Armour
 a - a +0 robe (worn)
 b - a +0 hat (worn)
Scrolls
 f - a scroll of identify
Potions
 g - a potion of heal wounds
 k - a potion of degeneration {unknown}
 l - a potion of flight {unknown}
 m - a potion of curing {unknown}
 n - a potion of berserk rage {unknown}
Books
 c - a book of Minor Magic

   Spells                             Type                      Level
   a - Magic Dart                     Conjuration                  1
   b - Blink                          Translocation                2
   c - Call Imp                       Summoning                    2
   d - Repel Missiles                 Charms/Air                   2
   e - Slow                           Hexes                        2
   f - Conjure Flame                  Conjuration/Fire             3
   g - Mephitic Cloud                 Conjuration/Poison/Air       3
Comestibles
 d - a bread ration
 r - a chunk of flesh


   Skills:
 - Level 1.7 Dodging
 - Level 1.7 Stealth
 * Level 3.5 Spellcasting
 * Level 2.2 Conjurations
   Level 1.0 Summonings
   Level 0.8 Translocations


You had 8 spell levels left.
You knew the following spells:

 Your Spells              Type           Power        Failure   Level  Hunger
a - Magic Dart            Conj           ##..         6%          1    None


Dungeon Overview and Level Annotations

Branches:
Dungeon (2/15)

Altars:


Innate Abilities, Weirdness & Mutations

You have large cloven feet.
You are partially covered in large bone plates. (SH +4)


Message History

You don't have enough magic to cast that spell.
Casting: Magic Dart
Confirm with . or Enter, or press ? or * to list all spells.
You don't have enough magic to cast that spell.
Casting: Magic Dart
Confirm with . or Enter, or press ? or * to list all spells.
You don't have enough magic to cast that spell.
Unknown command.
You block the worm's attack.
You barely miss the worm.
The worm is almost dead.
The worm bites you.
You hit the worm.
You kill the worm!
You have reached level 3!
Your experience leads to an increase in your attributes!
Increase (S)trength, (I)ntelligence, or (D)exterity?
You feel clever.
Your demonic ancestry asserts itself...
Your feet thicken and deform.
Are you sure you want to abandon this character and quit the game? (Confirm with "yes".)

.. .## . ..## .# .#.#..#
#######......
............. ####
........#.#... ..#####..
......<.# ...###.#......
........###..#..@†......
...............#.#......
.............###.# ###..
........###..###.#
###..)..# #......#
#......## ##.#####
#.####.# #.#
#.####.#####.#
#.##.........#


There were no monsters in sight!

Vanquished Creatures
  A worm (D:2)
  A dart slug (D:1)
  2 ball pythons (D:1)
  7 goblins (D:1)
  3 hobgoblins (D:1)
  4 bats
  2 kobolds (D:1)
  3 rats (D:1)
23 creatures vanquished.

Notes
Turn   | Place    | Note
-------+----------+-------------------------------------------
     0 | D:1      | Chiseanne the Demonspawn Wizard began the quest for the Orb.
     0 | D:1      | Reached XP level 1. HP: 13/13 MP: 4/4
   688 | D:1      | Gained mutation: You are partially covered in large bone plates. (SH +4) [demonic ancestry]
   688 | D:1      | Reached XP level 2. HP: 19/19 MP: 1/6
  1959 | D:2      | Gained mutation: You have large cloven feet. [demonic ancestry]
  1959 | D:2      | Reached XP level 3. HP: 20/24 MP: 1/8
  1960 | D:2      | Quit the game

Skill      XL: |  1  2 |
---------------+-------+-----
Conjurations   | 2 |  2.2
Dodging        | |  1.7
Stealth        | |  1.7
Spellcasting   | |  3.5
Summonings     | |  1.0
Translocations | |  0.8

Action                   || total
-------------------------++-------
Melee: Unarmed           ||     4
       Club              ||     6
       Mace              ||     2
 Cast: Magic Dart        ||    52
  Use: Scroll            ||     3
  Eat: Chunk             ||     3
Armor: Robe              ||     1
Dodge: Dodged            ||     6
Block: Other             ||     3
